 Dungeon Crawl Stone Soup version 0.22.1-1-ga44c0e5 (webtiles) character file.

493 whitewolfNL the Covered (level 6, 0/55 HPs)
             Began as a Minotaur Berserker on Oct 16, 2018.
             Was a Believer of Trog.
             Shot with an arrow by a centaur (3 damage)
             ... on level 5 of the Dungeon.
             The game lasted 00:18:19 (3547 turns).

whitewolfNL the Covered (Minotaur Berserker)        Turns: 3547, Time: 00:18:20

Health: 0/55       AC: 10    Str: 22    XL:     6   Next: 92%
Magic:  5/5        EV:  9    Int:  4    God:    Trog [**....]
Gold:   214        SH:  0    Dex: 11    Spells: 5/5 levels left

rFire    . . .     SeeInvis .   w - +0 club (curse)
rCold    . . .     Gourm    .   (no shield)
rNeg     . . .     Faith    .   u - +0 chain mail
rPois    .         Spirit   .   (helmet restricted)
rElec    .         Reflect  .   (no cloak)
rCorr    .         Harm     .   (no gloves)
MR       .....                  (no boots)
Stlth    ..........             (no amulet)
HPRegen  0.18/turn              (no ring)
MPRegen  0.09/turn              (no ring)

@: berserk cooldown, slowed, very slow
A: retaliatory headbutt, horns 2
a: Berserk, Trog's Hand, Renounce Religion


You were on level 5 of the Dungeon.
You worshipped Trog.
Trog was pleased with you.
You were near starving.

You visited 1 branch of the dungeon, and saw 5 of its levels.

You collected 214 gold pieces.

Inventory:

Hand Weapons
 a - a +0 spear
 b - a +0 mace
 j - a +1 dagger of venom
 p - a +0 hunting sling
 w - a cursed +0 club (weapon)
 B - a +0 spear
Missiles
 d - 153 stones (quivered)
 i - 78 arrows
 k - 34 poisoned needles
 r - 58 sling bullets
 E - 19 bolts
Armour
 u - a +0 chain mail (worn)
Jewellery
 q - a cursed ring of attention {unknown}
Wands
 s - a wand of polymorph (11)
Scrolls
 f - a scroll of remove curse {unknown}
 g - a scroll of amnesia
 l - a scroll of magic mapping
 v - a scroll of vulnerability {unknown}
 x - 2 scrolls of immolation
 D - a scroll of teleportation
Potions
 e - a potion of degeneration {unknown}
 h - a potion of heal wounds {unknown}
 m - 6 potions of curing {unknown}
 o - a potion of magic {unknown}
 t - 2 potions of berserk rage {unknown}
 z - 3 potions of lignification {unknown}
 A - a potion of agility {unknown}
Comestibles
 c - 10 rations
 n - a chunk of flesh


   Skills:
 + Level 4.9 Fighting
 * Level 3.5 Maces & Flails
 - Level 4.3 Polearms
 * Level 5.6 Armour
 + Level 3.1 Dodging
 * Level 2.2 Stealth
 + Level 0.2 Unarmed Combat


You had 5 spell levels left.
You didn't know any spells.
Your spell library was empty.

Dungeon Overview and Level Annotations

Branches:
Dungeon (5/15)
 Temple: D:4-7

Altars:


Innate Abilities, Weirdness & Mutations

You reflexively headbutt those who attack you in melee.
You have a pair of horns on your head.


Message History

* * * LOW HITPOINT WARNING * * *
The crimson imp closely misses you. You furiously retaliate!
You headbutt the crimson imp!
You kill the crimson imp!
Trog accepts your kill. The centaur closely misses you.
As you read the scroll of teleportation, it crumbles to dust.
You feel strangely unstable. The centaur misses you.
The centaur closely misses you.
Your surroundings seem slightly different.
The centaur wields an uncursed shortbow.
The centaur shoots an arrow.
The arrow completely misses you.
The centaur shoots an arrow.
The arrow barely misses you.
You see here 2 arrows.
The centaur shoots an arrow.
The arrow hits you but does no damage.
You see here an arrow.
The centaur shoots an arrow.
The arrow barely misses you.
The centaur shoots an arrow.
The arrow closely misses you.
The centaur shoots an arrow.
The arrow hits you.
You die...

#.# ####.#.###.... ##.#
#........... #..#
#..#.......#
##.#########..#####.#.#
..............#### #
.#.#########§###.. .#.#
#.# #.# #.# #######(#
#.# #.. ...?....###@#
### ####...(c(..#
#.##(#.#.# #.#....#.#
........†...#
####.#....#....
#.##.#.#.### # #.....#
#....<.


You could see a centaur.

Vanquished Creatures
  Sigmund (D:4)
  An ogre (D:4)
  A crimson imp (D:5)
  An orc priest (D:3)
  An iguana (D:5)
  A worker ant (D:4)
  4 gnolls (D:2)
  3 adders
  An ooze (D:3)
  2 worms (D:2)
  3 dart slugs
  4 leopard geckos
  5 orcs
  A ball python (D:1)
  2 giant cockroaches
  4 goblins
  9 hobgoblins
  3 quokkas
  4 bats
  4 frilled lizards (D:2)
  6 kobolds
  6 rats
67 creatures vanquished.

Notes
Turn   | Place    | Note
-------+----------+-------------------------------------------
     0 | D:1      | whitewolfNL the Minotaur Berserker began the quest for the
                  | Orb.
     0 | D:1      | Reached XP level 1. HP: 19/19 MP: 0/0
   162 | D:1      | Reached XP level 2. HP: 18/27 MP: 1/1
   863 | D:2      | Reached XP level 3. HP: 31/33 MP: 2/2
  1074 | D:2      | Reached skill level 1 in Stealth
  1082 | D:2      | Reached skill level 1 in Maces & Flails
  1082 | D:2      | Reached skill level 3 in Armour
  1084 | D:2      | Reached XP level 4. HP: 40/40 MP: 3/3
  1328 | D:2      | Reached ** piety under Trog
  2066 | D:3      | Reached XP level 5. HP: 42/47 MP: 4/4
  2993 | D:4      | Noticed an ogre
  3000 | D:4      | Killed an ogre
  3000 | D:4      | Reached skill level 4 in Armour
  3153 | D:4      | Reached XP level 6. HP: 47/53 MP: 5/5
  3304 | D:4      | Noticed Sigmund
  3315 | D:4      | Killed Sigmund
  3315 | D:4      | Reached skill level 5 in Armour
  3350 | D:5      | Entered Level 5 of the Dungeon
  3542 | D:5      | HP: 2/55 [centaur (6)]
  3547 | D:5      | Shot with an arrow by a centaur

Skill      XL: |  1  2  3  4  5  6 |
---------------+-------------------+-----
Polearms       | 4 |  4.3
Fighting       | 4 |  4.9
Stealth        | 1 2 |  2.2
Maces & Flails | 1 2 3 |  3.5
Armour         | 3 4 5 |  5.6
Dodging        | 3 |  3.1
Unarmed Combat | |  0.2

Action                   |  1- 3 |  4- 6 || total
-------------------------+-------+-------++-------
Melee: Spear             |    23 |       ||    23
       Headbutt          |    19 |    31 ||    50
       Club              |    34 |   102 ||   136
       Unarmed           |       |    13 ||    13
Invok: Berserk           |     1 |     2 ||     3
  Use: Scroll            |       |     6 ||     6
  Eat: Chunk             |       |     6 ||     6
       Ration            |       |     1 ||     1
Armor: Animal skin       |     7 |       ||     7
       Chain mail        |    15 |    73 ||    88
Dodge: Dodged            |    31 |    67 ||    98
